 Dungeon Crawl Stone Soup version 0.31.0-32-g396128a36d (webtiles) character file.

Game seed: 8622441601922955082

1937 coffeevibing the Fighter (level 8, -2/66 (79) HPs)
             Began as a Minotaur Berserker on Mar 17, 2024.
             Was an Elder of Trog.
             Slain by a wight
             ... wielding a +2 trident of freezing
              (3 damage)
             ... on level 7 of the Dungeon on Mar 23, 2024.
             The game lasted 01:16:43 (5943 turns).

coffeevibing the Fighter (Minotaur Berserker)       Turns: 5943, Time: 01:16:43

HP:   -2/66 (79)    AC: 13    Str: 23    XL:     8   Next: 97%
MP:   0/7           EV: 11    Int:  4    God:    Trog [****..]
Gold: 337           SH:  0    Dex: 11    Spells: 7/7 levels left

rFire   . . .        a - +0 hand axe
rCold   . . .        (no shield)
rNeg    . . .        k - +1 ring mail
rPois   .            (helmet restricted)
rElec   .            (no cloak)
rCorr   .            y - +1 pair of gloves
SInv    .            l - +2 pair of boots
Will    .....        t - amulet of guardian spirit
Stlth   +            (no ring)
HPRegen 0.31/turn    (no ring)
MPRegen 0.10/turn

%: guardian spirit
@: on berserk cooldown, slowed, heavily drained, very slow
A: horns 2, retaliatory headbutt
a: Renounce Religion, Berserk, Trog's Hand, Brothers in Arms


You were on level 7 of the Dungeon.
You worshipped Trog.
Trog was greatly pleased with you.
You visited 2 branches of the dungeon, and saw 8 of its levels.

You collected 337 gold pieces.

Inventory:

Hand Weapons
 a - a +0 hand axe (weapon)
 n - a +0 sling
 w - a +0 rapier of venom
 D - a +0 halberd
 E - a +0 orcbow
 F - the +5 quarterstaff of Subjectivity {heavy, rElec rC- MP+9 Str+3}
   (You found it on level 6 of the Dungeon)

   Str+3:     It affects your strength (+3).
   rC-:       It makes you vulnerable to cold.
   rElec:     It insulates you from electricity.
   MP+9:      It affects your magic capacity (+9).
Missiles
 e - 2 boomerangs (quivered)
 j - 18 poisoned darts
Armour
 b - a +0 animal skin
 k - a +1 ring mail (worn)
 l - a +2 pair of boots (worn)
 u - a +0 scale mail
 y - a +1 pair of gloves (worn)
 z - a +2 pair of boots
 J - a +0 barding
 K - +0 steam dragon scales
Jewellery
 t - an amulet of guardian spirit (around neck)
Wands
 B - a wand of quicksilver (11)
 L - a wand of iceblast (4)
Scrolls
 c - 3 scrolls of blinking
 d - 5 scrolls of teleportation
 g - 3 scrolls of identify {unknown}
 h - a scroll of enchant armour
 p - 2 scrolls of poison {unknown}
 q - a scroll of torment {unknown}
 s - a scroll of revelation {unknown}
 H - a scroll of vulnerability {unknown}
 I - a scroll of acquirement {unknown}
 M - a scroll of enchant weapon {unknown}
Potions
 f - a potion of might {unknown}
 i - 2 potions of curing {unknown}
 m - a potion of lignification {unknown}
 o - a potion of magic {unknown}
 r - 2 potions of heal wounds {unknown}
 v - 2 potions of attraction {unknown}
 x - a potion of ambrosia {unknown}
 A - 2 potions of mutation {unknown}
 C - a potion of cancellation {unknown}
 G - 2 potions of brilliance {unknown}


   Skills:
 - Level 10.0 Fighting
 + Level 1.0(1.2) Short Blades
 + Level 1.2(1.5) Long Blades
 - Level 5.0(5.1) Axes
 + Level 1.1(3.4) Maces & Flails
 + Level 1.3(3.5) Polearms
 + Level 1.0(1.6) Staves
 + Level 1.2 Ranged Weapons
 + Level 2.0 Throwing
 - Level 8.0 Armour
 - Level 2.4 Dodging
 - Level 0.1 Stealth
 + Level 1.2 Shields
 + Level 1.3 Unarmed Combat
 + Level 0.8 Invocations
 + Level 0.6 Evocations
 + Level 1.0 Shapeshifting


You had 7 spell levels left.
You didn't know any spells.
Your spell library was empty.

Dungeon Overview and Level Annotations

Branches:
Dungeon (7/15) Zot: 26718  Temple (1/1) D:6 Zot: 5903

Altars:
Ashenzari
Cheibriados
Dithmenos
Elyvilon
Fedhas
Gozag
Hepliaklqana
Kikubaaqudgha
Makhleb
Nemelex Xobeh
Okawaru
Qazlal
Ru
Sif Muna
Trog
Uskayaw
Vehumet
Wu Jian
Xom
Yredelemnul
Zin
The Shining One

Shops:
D:7 ?


Innate Abilities, Weirdness & Mutations

You have a pair of horns on your head.
You reflexively headbutt those who attack you in melee.


Message History

The wight misses you. The wight hits you with a +2 spear.
* * * LOW HITPOINT WARNING * * *
You take 10 damage, and have 21/103 hp.
You now have 1/7 mp.
You hit the gnoll. Your headbutt misses the gnoll.
The gnoll is moderately wounded.
You hit the wight. You barely miss the wight. You hit the wight.
The gnoll misses you.
The wight hits you with a +2 scimitar of freezing!
* * * LOW HITPOINT WARNING * * *
The wight freezes you.
* * * LOW HITPOINT WARNING * * *
You take 10 damage, and have 11/103 hp.
You hit the gnoll.
The gnoll is heavily wounded.
You slash the wight! You hit the wight. You closely miss the wight.
The wight hits you but does no damage. The wight hits you with a +2 spear.
* * * LOW HITPOINT WARNING * * *
You feel drained.
You take 1 damage, and have 10/100 hp.
The gnoll barely misses you. The wight hits you but does no damage.
The wight closely misses you. The wight hits you but does no damage.
You feel a strong urge to attack something.
The gnoll attacks as it pursues you! The gnoll hits you but does no damage.
The wight attacks as it pursues you! The wight hits you but does no damage.
The wight attacks as it pursues you! The wight closely misses you.
You see here 5 poisoned darts.
You feel your anger nearly subside.
You are no longer berserk.
You are exhausted.
You feel yourself slow down.
You now have 8/67 hp.
The gnoll hits you from afar with a +0 halberd.
* * * LOW HITPOINT WARNING * * *
You take 4 damage, and have 5/67 hp.
You now have 1/7 mp.
The wight attacks as it pursues you! The wight hits you but does no damage.
The wight hits you from afar with a +2 trident of freezing.
* * * LOW HITPOINT WARNING * * *
You feel drained.
* * * LOW HITPOINT WARNING * * *
The wight freezes you.
You die...

#............#
#...g.(.....##
##.......####
#####g.## ##z## #.z#
##zg######
####........#
#..@........##
#.............#
.................#
##..............##
##............##
#............####
#.........#.....###
#......#####......####
## ###.......#


You could see 3 wights and 2 gnolls.

Vanquished Creatures
  A troll (D:5)
  A steam dragon (D:7)
  A water moccasin (D:5)
  2 ice beasts (D:6)
  An ogre (D:4)
  A centaur (D:6)
  A phantom (D:6)
  A kobold brigand (D:6)
  2 bullfrogs
  A scorpion (D:6)
  A wight (D:7)
  3 killer bees (D:5)
  3 bombardier beetles (D:5)
  4 hounds
  2 jellies (D:6)
  A gnoll bouda (D:4)
  A sleepcap (D:6)
  3 iguanas
  An orc wizard (D:5)
  6 gnolls
  5 adders
  A shadow imp (D:5)
  2 ufetubi (D:6)
  A dart slug (D:4)
  A ribbon worm (D:3)
  4 orcs (D:5)
  6 endoplasms
  2 giant cockroaches
  8 goblins
  4 hobgoblins
  11 kobolds
  2 quokkas
  7 ball pythons
  A frilled lizard (D:3)
  18 rats
110 creatures vanquished.

Notes
Turn   | Place    | Note
-------+----------+-------------------------------------------
     0 | D:1      | coffeevibing the Minotaur Berserker began the quest for the
                  | Orb.
     0 | D:1      | Reached XP level 1. HP: 19/19 MP: 0/0
   474 | D:1      | Reached skill level 4 in Fighting
   498 | D:1      | Reached XP level 2. HP: 27/27 MP: 1/1
  1245 | D:2      | Reached XP level 3. HP: 34/34 MP: 2/2
  1385 | D:2      | Reached ** piety under Trog
  2710 | D:3      | Found a faded altar of an unknown god.
  2935 | D:4      | Reached XP level 4. HP: 41/41 MP: 3/3
  2944 | D:4      | Noticed an ogre
  2954 | D:5      | Entered Level 5 of the Dungeon
  3039 | D:5      | Reached skill level 5 in Axes
  3144 | D:5      | Reached skill level 5 in Fighting
  3203 | D:5      | Reached XP level 5. HP: 33/48 MP: 1/4
  3300 | D:5      | Noticed a troll
  3313 | D:5      | Killed a troll
  3314 | D:5      | Reached skill level 1 in Throwing
  3314 | D:5      | Reached skill level 5 in Armour
  3314 | D:5      | Reached XP level 6. HP: 56/56 MP: 3/5
  3353 | D:5      | Found a sand-covered staircase.
  3385 | D:5      | Reached skill level 1 in Long Blades
  3385 | D:5      | Reached skill level 1 in Ranged Weapons
  3493 | D:4      | Reached *** piety under Trog
  3552 | D:4      | Reached XP level 7. HP: 34/62 MP: 3/6
  3732 | D:4      | Reached skill level 6 in Fighting
  4188 | D:6      | Found a staircase to the Ecumenical Temple.
  4209 | D:6      | Reached skill level 7 in Fighting
  4239 | D:6      | Identified the +5 quarterstaff of Subjectivity {heavy,
                  | rElec rC- MP+9 Str+3}
  4283 | D:6      | Reached skill level 8 in Fighting
  4283 | D:6      | Reached skill level 1 in Shapeshifting
  4333 | D:6      | Reached XP level 8. HP: 70/75 MP: 5/7
  4415 | D:6      | Reached skill level 9 in Fighting
  4646 | D:6      | Reached skill level 10 in Fighting
  4646 | D:6      | Reached skill level 1 in Shields
  5447 | D:6      | Found a glowing golden altar of the Shining One.
  5477 | D:6      | Found a bloodstained altar of Trog.
  5560 | Temple   | Entered the Ecumenical Temple
  5697 | D:7      | Reached skill level 1 in Maces & Flails
  5697 | D:7      | Reached skill level 1 in Polearms
  5697 | D:7      | Reached skill level 1 in Staves
  5697 | D:7      | Reached skill level 1 in Unarmed Combat
  5820 | D:7      | Found Nipnasur's Magic Scroll Shop.
  5923 | D:7      | Reached **** piety under Trog
  5928 | D:7      | Reached skill level 1 in Short Blades
  5943 | D:7      | HP: 2/67 [wight/+2 trident of freezing (4)]
  5943 | D:7      | Slain by a wight

Illustrated notes

Levels and vault maps discovered:
D:1:      minmay_arrival_hallway, layout_basic
D:2:      layout_basic, interstate_on_off, minmay_rat_gold_closets
D:3:      layout_loops_ring, hellmonk_ecumenical_altar_inner_sanctum,
          minmay_misc_feat_encased, minivault_27
D:4:      layout_loops_ring
D:5:      layout_basic, nicolae_ossuary_entry_false_entrances, minmay_hedge_maze
D:6:      layout_cave_pools, mainiacjoe_overflow_two_lobes,
          minmay_temple_entry_tees
D:7:      layout_cave_pods, serial_shops, nicolae_shop_tiny_glass, shop,
          kennysheep_boxes
Temple:   mainiacjoe_temple_big_plus

Skill      XL: |  1  2  3  4  5  6  7  8 |
---------------+-------------------------+-----
Fighting       | 4 5 8 10 | 10.0
Axes           | 4 5 |  5.0
Armour         | 4 5 8 |  8.0
Throwing       | 1 2 |  2.0
Long Blades    | 1 |  1.2
Ranged Weapons | 1 |  1.2
Shapeshifting  | 1 |  1.0
Shields        | 1 |  1.2
Maces & Flails | 1 |  1.1
Polearms       | 1 |  1.3
Staves         | 1 |  1.0
Unarmed Combat | 1 |  1.3
Short Blades   | 1 |  1.0
Dodging        | |  2.4
Stealth        | |  0.1
Invocations    | |  0.8
Evocations     | |  0.6

Action                     |  1- 3 |  4- 6 |  7- 9 || total
---------------------------+-------+-------+-------++-------
  Melee: Hand axe          |    92 |    50 |   167 ||   309
         Headbutt          |    16 |    12 |    33 ||    61
         Punch             |       |       |     2 ||     2
 Invoke: Berserk           |       |     1 |     4 ||     5
    Use: Scroll            |     3 |       |       ||     3
 Armour: Animal skin       |    16 |       |       ||    16
         Ring mail         |    24 |    28 |   178 ||   230
  Dodge: Dodged            |    39 |    23 |   120 ||   182
